 Dungeon Crawl Stone Soup version 0.27.1-33-g824d729ab1 (webtiles) character file.

Game seed: 4350280220504199461

1692 Kagerou the Conjurer (level 8, -31/38 HPs)
             Began as a Felid Delver on Dec 29, 2021.
             Was a Priest of Vehumet.
             Annihilated by a boulder beetle (43 damage)
             ... on level 7 of the Dungeon.
             The game lasted 01:46:20 (16775 turns).

Kagerou the Conjurer (Felid Delver)                Turns: 16775, Time: 01:46:21

Health: -31/38     AC:  2    Str: 17    XL:     8   Next: 72%
Magic:  10/12      EV: 21    Int: 18    God:    Vehumet [***...]
Gold:   404        SH:  0    Dex: 24    Spells: 5/11 levels left
                                        Lives:  0   Deaths: 2

rFire    . . .     SeeInvis +     - Unarmed
rCold    + . .     Faith    .   (shield unavailable)
rNeg     . . .     Spirit   .   (armour unavailable)
rPois    .         Reflect  .   (helmet unavailable)
rElec    .         Harm     .   (cloak unavailable)
rCorr    +         Rampage  .   (gloves unavailable)
Will     +....                  (boots unavailable)
Stlth    +++.......             (no amulet)
HPRegen  0.12/turn              C - ring of protection from cold
MPRegen  0.13/turn              l - ring "Kunge" {rCorr Str+9 Int+4 Dex+6 Stlth-}

@: quick
A: very small, claws 1, fangs 3, see invisible, speed 1, shaggy fur 2, stealthy
paws, no weapons or thrown items, no armour, multi-lived
a: Renounce Religion


You were on level 7 of the Dungeon.
You worshipped Vehumet.
Vehumet was most pleased with you.
You visited 2 branches of the dungeon, and saw 9 of its levels.

You collected 451 gold pieces.
You spent 47 gold pieces at shops.

Inventory:

Missiles
 n - 43 stones
Jewellery
 l - the ring "Kunge" (right paw) {rCorr Str+9 Int+4 Dex+6 Stlth-}
   (You found it on level 7 of the Dungeon)

   [ring of dexterity]

   Str:       It affects your strength (+9).
   Int:       It affects your intelligence (+4).
   Dex:       It affects your dexterity (+6).
   rCorr:     It protects you from acid and corrosion.
   Stlth:     It makes you less stealthy.
 C - a ring of protection from cold (left paw)
Wands
 e - a wand of digging (5)
 m - a wand of polymorph (2)
Scrolls
 a - a scroll of fog
 g - a scroll of magic mapping
 j - a scroll of identify
 k - a scroll of vulnerability
Potions
 b - 2 potions of berserk rage
 c - a potion of lignification
 d - a potion of cancellation {unknown}
 f - 4 potions of curing
 h - a potion of might {unknown}
 i - a potion of mutation {unknown}
 o - a potion of brilliance {unknown}


   Skills:
 - Level 6.0 Fighting
 - Level 5.0 Dodging
 - Level 6.6 Stealth
 - Level 3.6 Unarmed Combat
 - Level 2.0 Spellcasting
 + Level 7.5 Conjurations
 - Level 2.0 Air Magic
 * Level 4.7 Earth Magic
 - Level 5.0 Evocations


You had 5 spell levels left.
You knew the following spells:

 Your Spells              Type           Power      Damage    Failure   Level
a - Shock                 Conj/Air       76%        1d7       1%          1
c - Corona                Hex            1%         N/A       19%         1
s - Sandblast             Erth           36%        2d10      1%          1
S - Stone Arrow           Conj/Erth      46%        3d9       1%          3

Your spell library contained the following spells:

 Spells                   Type           Power      Damage    Failure   Level
 Dazzling Flash           Conj/Hex       30%        N/A       3%          3
 Ensorcelled Hibernation  Hex/Ice        2%         N/A       26%         2
 Gell's Gravitas          Tloc           0%         N/A       47%         3
 Lesser Beckoning         Tloc           0%         N/A       47%         3
 Teleport Other           Tloc           1%         N/A       47%         3
 Tukima's Dance           Hex            1%         N/A       47%         3
 Silence                  Hex/Air        2%         N/A       97%         5
 Agony                    Necr           1%         N/A       99%         5


Dungeon Overview and Level Annotations

Branches:
Dungeon (8/15)             Temple (1/1) D:4
   Lair: D:8-11

Altars:
Cheibriados
Elyvilon
Hepliaklqana
Kikubaaqudgha
Makhleb
Nemelex Xobeh
Okawaru
Qazlal
Ru
Sif Muna
Trog
Vehumet
Wu Jian
Xom
Yredelemnul
Zin

Shops:
D:1 (

Annotations:
D:4 exclusion: downstairs
D:7 exclusions: ogre, orc priest and sky beast, Menkaure


Innate Abilities, Weirdness & Mutations

You have sharp claws.
You have razor-sharp teeth.
You have supernaturally acute eyesight. (SInv)
You cover ground quickly. (Speed+)
You are covered in thick fur. (AC +2)
Your paws help you pounce on unaware monsters.
You are incapable of wielding weapons or throwing items.
You cannot wear armour.
You gain extra lives every three experience levels.


Message History

There is a stone staircase leading down here.
You start resting.
Magic restored.
You climb downwards.
Level annotation: exclusions: ogre, orc priest and sky beast, Menkaure The boulder beetle leaps!
There is a stone staircase leading up here.
Really walk into a travel-excluded area?
Okay, then.
Really walk into a travel-excluded area?
Found a crooked brass wand.
Casting: Stone Arrow (safe; 1% risk of failure)
Confirm with . or Enter, or press ? or * to list all spells.
Aiming: Stone Arrow (safe; 1% risk of failure)
Press: ? - help, Shift-Dir - straight line, f - Menkaure
Aim: Menkaure (dormant, 100% to hit)
The stone arrow hits Menkaure!
Menkaure is heavily damaged.
Menkaure shouts!
You hear a shout! x2
Menkaure calls on the powers of darkness!
The orc priest convulses!
Your body is wracked with pain!
Menkaure calls on the powers of darkness!
The orc priest convulses!
Your body is wracked with pain!
* * * LOW HITPOINT WARNING * * *
You hear a shout!
Really walk into a travel-excluded area?
The boulder beetle curls into a ball and begins rolling!
Press: ? - help, v - describe, . - travel
Here: a boulder beetle (rolling)
The floor.
Unknown command.
Unknown command.
Unknown command.
Aiming: Polymorph
Press: ? - help, Shift-Dir - straight line, f - boulder beetle, p - Menkaure
Aim: a boulder beetle (rolling, will become a slime creature, a redback, or a floating eye, chance to affect: 43%)
Okay, then.
The boulder beetle hits you!!!
Ouch! That really hurt!
You die...

... #............................
#..........##...._..........#
#.........####<......(.....##
#..##............#..........# #:.
#.......................# ....
##......................# .....
###..##°.....###.........
...o..###...##..°.....#.......##.
......o#.M#.###.@B..........####.
..###.................####....###
#.....$....#.###### ###..###
#..........### #..#.#
##....#.#..# ####..# #......####
##..##.# #....### +....#.. #.....
#....#.. #.../. #.Y##§.


You could see a boulder beetle (rolling).

Vanquished Creatures
  Sigmund (D:4)
  A shadow (D:7)
  3 water moccasins
  2 ice beasts (D:6)
  4 black bears
  A sky beast (D:7)
  2 ogres
  2 kobold brigands
  A bullfrog (D:7)
  3 scorpions
  Dowan (D:4)
  3 water moccasin skeletons
  A howler monkey (D:4)
  2 jellies
  6 hounds
  An orc priest (D:8)
  A centaur skeleton (D:5)
  6 iguanas
  Natasha (thrice) (D:4)
  2 orc wizards
  A howler monkey skeleton (D:7)
  21 gnolls
  6 adders
  3 shadow imps
  A white imp (D:7)
  2 dart slugs
  32 orcs
  7 endoplasms
  A giant cockroach (D:1)
  6 goblins
  4 hobgoblins
  11 jackals (D:4)
  5 quokkas
  3 ball pythons
  5 bats
  5 frilled lizards
  3 kobolds
  4 rats
166 creatures vanquished.

Vanquished Creatures (others)
  A rat (D:3)
  A plant (D:4)
2 creatures vanquished.

Grand Total: 168 creatures vanquished

Notes
Turn   | Place    | Note
-------+----------+-------------------------------------------
     0 | D:5      | Kagerou the Felid Delver began the quest for the Orb.
     0 | D:5      | Reached XP level 1. HP: 10/10 MP: 2/2
    15 | D:5      | Noticed a troll
    56 | D:4      | Noticed Natasha
    82 | D:4      | Found a staircase to the Ecumenical Temple.
    88 | D:4      | Noticed an iguana
    91 | Temple   | Entered the Ecumenical Temple
   481 | Temple   | Became a worshipper of Vehumet
   549 | D:4      | Noticed Dowan
   557 | D:4      | Found a burning altar of Makhleb.
   557 | D:4      | Noticed a hound
   718 | D:1      | Reached XP level 2. HP: 13/14 MP: 3/3
   869 | D:1      | Reached skill level 3 in Unarmed Combat
  1167 | D:1      | Found Sanoagheis's Weapon Emporium.
  1211 | D:1      | Learned a level 1 spell: Corona
  1388 | D:1      | Reached XP level 3. HP: 17/17 MP: 4/4
  1961 | D:2      | Reached * piety under Vehumet
  1961 | D:2      | Offered knowledge of Sandblast by Vehumet.
  1966 | D:2      | Learned a level 1 spell: Sandblast
  2009 | D:1      | Bought 15 stones for 19 gold pieces
  2009 | D:1      | Bought 22 stones for 28 gold pieces
  3466 | D:4      | Noticed Duvessa
  3537 | D:3      | Reached skill level 1 in Earth Magic
  3627 | D:3      | Found a faded altar of an unknown god.
  3642 | D:3      | You fall into a shaft and drop 1 floor!
  3695 | D:4      | Noticed Sigmund
  3732 | D:5      | Noticed a black bear
  3733 | D:5      | Noticed a water moccasin
  4101 | D:4      | Reached skill level 2 in Earth Magic
  4101 | D:4      | Reached XP level 4. HP: 21/21 MP: 1/5
  4602 | D:2      | Reached skill level 3 in Earth Magic
  4858 | D:4      | Reached XP level 5. HP: 10/24 MP: 0/6
  5175 | D:4      | Noticed Duvessa
  5175 | D:4      | Duvessa changed into Duvessa the jackal
  5184 | D:4      | Killed Duvessa the jackal
  6101 | D:5      | Noticed a phantom
  6804 | D:4      | Offered knowledge of Shock by Vehumet.
  6850 | D:4      | Learned a level 1 spell: Shock
  7016 | D:4      | Reached ** piety under Vehumet
  7266 | D:4      | Reached skill level 1 in Conjurations
  7429 | D:4      | Gained mutation: You are covered in thick fur. (AC +2)
                  | [Felid growth]
  7429 | D:4      | Reached XP level 6. HP: 28/28 MP: 0/8
  7728 | D:4      | Killed Natasha
  7729 | D:4      | Reached skill level 1 in Spellcasting
  8179 | D:4      | Slain by a black bear
  8180 | D:4      | Reached XP level 5. HP: -3/24 MP: 1/7
  8413 | D:6      | Noticed a black bear
  8743 | D:5      | Reached skill level 2 in Conjurations
  9275 | D:5      | Noticed an ogre
  9681 | D:5      | Reached XP level 6. HP: 25/28 MP: 7/9
  9762 | D:5      | Reached skill level 2 in Spellcasting
  9762 | D:5      | Reached skill level 3 in Conjurations
 10251 | D:5      | Reached skill level 1 in Air Magic
 10343 | D:5      | Reached skill level 4 in Conjurations
 10520 | D:6      | Reached XP level 7. HP: 15/31 MP: 5/11
 10878 | D:6      | Found a stormy altar of Qazlal.
 11099 | D:6      | Reached skill level 1 in Evocations
 11217 | D:6      | Reached skill level 2 in Evocations
 11302 | D:6      | Reached skill level 4 in Fighting
 11302 | D:6      | Reached skill level 3 in Evocations
 11355 | D:6      | Reached skill level 4 in Evocations
 11756 | D:6      | Reached XP level 8. HP: 28/36 MP: 4/12
 11872 | D:6      | Reached skill level 5 in Evocations
 12423 | D:4      | Reached skill level 5 in Fighting
 12472 | D:4      | Reached skill level 3 in Dodging
 12673 | D:4      | Killed Sigmund
 12674 | D:4      | Reached skill level 5 in Dodging
 13105 | D:4      | Reached skill level 5 in Conjurations
 14246 | D:4      | Killed Dowan
 14261 | D:4      | Noticed Natasha
 14267 | D:4      | Killed Natasha
 14309 | D:4      | Noticed Natasha
 14317 | D:4      | Killed Natasha
 14508 | D:7      | Found a glowing silver altar of Zin.
 14657 | D:7      | Identified the ring "Kunge" {rCorr Str+9 Int+4 Dex+6
                  | Stlth-}
 14686 | D:7      | Noticed a boulder beetle
 14722 | D:7      | Reached skill level 6 in Fighting
 14722 | D:7      | Reached XP level 9. HP: 16/41 MP: 5/13
 15010 | D:7      | Offered knowledge of Stone Arrow by Vehumet.
 15011 | D:7      | Reached skill level 6 in Conjurations
 15114 | D:7      | Reached skill level 2 in Air Magic
 15147 | D:7      | Noticed Menkaure
 15158 | D:7      | Found a bloodstained altar of Trog.
 15316 | D:7      | Noticed Joseph
 15321 | D:7      | Noticed Joseph
 15321 | D:7      | Joseph changed into Joseph the black bear
 15522 | D:6      | Killed Joseph the black bear
 15523 | D:6      | Reached skill level 7 in Conjurations
 15734 | D:8      | Paralysed by a hornet for 1 turns
 15739 | D:8      | Slain by a hornet
 15740 | D:8      | Reached XP level 8. HP: 0/57 MP: 4/12
 16013 | D:3      | Reached *** piety under Vehumet
 16119 | D:3      | Learned a level 3 spell: Stone Arrow
 16194 | D:5      | Reached skill level 4 in Earth Magic
 16775 | D:7      | Annihilated by a boulder beetle

Illustrated notes

Levels and vault maps discovered:
D:1:      saegor_arrival_simple_b, layout_loops_cross, serial_shops, shop_coins
D:2:      layout_rooms
D:3:      layout_rooms, ebering_ecumenical_altar_mist, lemuel_flame_loot_1
D:4:      lemuel_castle_with_subvaults [lemuel_castle_interior_carwin_1],
          layout_basic, makhleb_heckhound_becter,
          minmay_temple_entry_sparse_star, uniq_sigmund, uniq_natasha,
          uniq_duvessa
D:5:      layout_cave_pools
D:6:      layout_basic, nicolae_qazlal_general_emergency
D:7:      minmay_bubble_buster, layout_cave_pools, minitemple,
          overflow_temple_1_default, mainiacjoe_overflow_tiny_flanked,
          serial_rivers, chequers_serial_rivers_micro_b,
          chequers_serial_rivers_micro_a, chequers_serial_rivers_small_3,
          chequers_serial_rivers_micro_b, chequers_serial_rivers_large_b,
          chequers_serial_rivers_micro_a, uniq_menkaure, uniq_joseph
D:8:      layout_loops_cross, marbit_many_paths, kennysheep_diamond
Temple:   minmay_temple_forest_path

Skill      XL: |  1  2  3  4  5  6  7  8  9 |
---------------+----------------------------+-----
Unarmed Combat | 3 |  3.6
Earth Magic    | 2 3 4 |  4.7
Conjurations   | 2 4 5 7 |  7.5
Spellcasting   | 2 |  2.0
Air Magic      | 1 2 |  2.0
Evocations     | 4 5 |  5.0
Fighting       | 4 6 |  6.0
Dodging        | 5 |  5.0
Stealth        | |  6.6

Action                   |  1- 3 |  4- 6 |  7- 9 || total
-------------------------+-------+-------+-------++-------
Melee: Unarmed           |    91 |    63 |     4 ||   158
       Bite              |     7 |     3 |     2 ||    12
       Punch             |       |     2 |       ||     2
 Cast: Sandblast         |    35 |   104 |     6 ||   145
       Corona            |     1 |       |       ||     1
       Shock             |       |   165 |   331 ||   496
       Stone Arrow       |       |       |    13 ||    13
Evoke: Wand              |     3 |     7 |    11 ||    21
  Use: Scroll            |     5 |     1 |     8 ||    14
       Potion            |     1 |     2 |     3 ||     6
 Stab: Sleeping          |    13 |     2 |       ||    15
Armor: Skin              |     3 |    10 |    19 ||    32
Dodge: Dodged            |    49 |   117 |    97 ||   263
